 Dungeon Crawl Stone Soup version 0.26.0-45-g9c1d065592 (webtiles) character file.

Game seed: 11195699457934688689

(classic levelgen) 126 thiole the Ducker (level 5, -2/34 HPs)
             Began as an Octopode Hedge Wizard on Feb 1, 2021.
             Shot with an arrow by a centaur (5 damage)
             ... on level 3 of the Dungeon.
             The game lasted 00:02:23 (3192 turns).

thiole the Ducker (Octopode Hedge Wizard)           Turns: 3192, Time: 00:02:23

Health: -2/34      AC:  1    Str:  9    XL:     5   Next: 10%
Magic:  6/9        EV: 14    Int: 18    God:
Gold:   178        SH:  0    Dex: 11    Spells: 9/10 levels left

rFire    . . .     SeeInvis .   d - +2 dagger (speed)
rCold    . . .     Faith    .   (no shield)
rNeg     . . .     Spirit   .   b - +0 hat
rPois    .         Reflect  .   (no amulet)
rElec    .         Harm     .   n - ring of resist corrosion
rCorr    +         Rampage  .   (no ring)
Will     .....                  (no ring)
Stlth    +++.......             (no ring)
HPRegen  0.11/turn              (no ring)
MPRegen  0.11/turn              (no ring)
                                (no ring)
                                (no ring)

@: no status effects
A: almost no armour, stealthy swim, amphibious, 8 rings, constrict 8, camouflage
1, gelatinous body 1
a: no special abilities


You were on level 3 of the Dungeon.
You visited 1 branch of the dungeon, and saw 3 of its levels.

You collected 178 gold pieces.

Inventory:

Hand Weapons
 a - a +0 dagger
 d - a +2 dagger of speed (weapon)
Missiles
 h - 22 stones
Armour
 b - a +0 hat (worn)
Jewellery
 n - a ring of resist corrosion (left tentacle)
Scrolls
 e - a scroll of remove curse {unknown}
 g - 5 scrolls of identify {unknown}
 i - a scroll of fog {unknown}
 m - a scroll of amnesia {unknown}
Potions
 c - 2 potions of curing
 f - a potion of resistance {unknown}
 j - a potion of haste {unknown}
 k - a potion of heal wounds {unknown}
 l - a potion of invisibility {unknown}


   Skills:
 - Level 2.0 Fighting
 - Level 4.0 Dodging
 - Level 2.6 Stealth
 + Level 3.2 Spellcasting
 - Level 2.0 Conjurations
 - Level 1.0 Summonings
 - Level 1.0 Translocations


You had 9 spell levels left.
You knew the following spells:

 Your Spells              Type           Power        Failure   Level
a - Magic Dart            Conj           40%          7%          1

Your spell library contained the following spells:

 Spells                   Type           Power        Failure   Level
 Blink                    Tloc           N/A          16%         2
 Call Imp                 Summ           6%           16%         2
 Slow                     Hex            2%           24%         2
 Conjure Flame            Conj/Fire      6%           32%         3
 Mephitic Cloud           Conj/Pois/Air  5%           36%         3


Dungeon Overview and Level Annotations

Branches:
Dungeon (3/15)

Altars:
Hepliaklqana
Nemelex Xobeh


Innate Abilities, Weirdness & Mutations

You cannot wear most types of armour.
You are very stealthy in the water. (Stealth+)
You are amphibious.
You can wear up to eight rings at the same time.
You can use your tentacles to constrict eight enemies at once.
Your skin changes colour to match your surroundings (Stealth+).
Your rubbery body absorbs attacks. (AC +1, EV +1)


Message History

Confirm with . or Enter, or press ? or * to list all spells.
Aiming: Magic Dart (safe; 7% risk of failure)
Press: ? - help, Shift-Dir - straight line, f/p - centaur
Aim: a centaur, wielding a +0 shortbow and quivering 15 arrows (lightly wounded, 0% to evade)
The magic dart hits the centaur but does no damage.
The centaur is lightly wounded.
The centaur shoots an arrow.
The arrow hits you.
* * * LOW HITPOINT WARNING * * *
You are too injured to fight recklessly!
A centaur is nearby!
Casting: Magic Dart (safe; 7% risk of failure)
Confirm with . or Enter, or press ? or * to list all spells.
Aiming: Magic Dart (safe; 7% risk of failure)
Press: ? - help, Shift-Dir - straight line, f/p - centaur
Aim: a centaur, wielding a +0 shortbow and quivering 14 arrows (lightly wounded, 0% to evade)
The magic dart hits the centaur.
The centaur is moderately wounded.
The centaur shoots an arrow.
The arrow closely misses you.
The centaur shoots an arrow.
The arrow hits you.
You die...

#.# #.## # #..## .#
#####.†### #.#.
..........#####....
.######.......).. #
#........... .
.>...##.###.####....
............@......c
.....##.##.#####....
.... #.##.# . ...
#.##.# ## #....#
######


You could see a centaur.

Vanquished Creatures
  5 adders
  3 worms
  2 dart slugs
  2 leopard geckos
  8 bats
  3 giant cockroaches
  4 goblins
  9 hobgoblins
  8 jackals (D:1)
  9 kobolds
  6 frilled lizards
  8 rats
67 creatures vanquished.

Vanquished Creatures (others)
  A plant (D:2)
1 creature vanquished.

Grand Total: 68 creatures vanquished

Notes
Turn   | Place    | Note
-------+----------+-------------------------------------------
     0 | D:1      | thiole the Octopode Hedge Wizard began the quest for the
                  | Orb.
     0 | D:1      | Reached XP level 1. HP: 11/11 MP: 4/4
   137 | D:1      | Reached XP level 2. HP: 17/17 MP: 1/6
   485 | D:1      | Reached XP level 3. HP: 7/21 MP: 0/7
   574 | D:1      | Reached skill level 3 in Dodging
  1593 | D:2      | Found a sparkling altar of Nemelex Xobeh.
  1777 | D:2      | Reached XP level 4. HP: 27/27 MP: 1/8
  1789 | D:2      | Reached skill level 4 in Dodging
  1792 | D:2      | Reached skill level 1 in Fighting
  2906 | D:3      | Reached XP level 5. HP: 34/34 MP: 4/9
  3065 | D:3      | Found a hazy altar of Hepliaklqana.
  3189 | D:3      | Noticed a centaur
  3192 | D:3      | Shot with an arrow by a centaur

Illustrated notes

Levels and vault maps discovered:
D:1:      zelgadis_glass_arrival_small, layout_rooms
D:2:      layout_basic, nicolae_overflow_crystal_walls, serial_bayou,
          serial_bayou_pond_b, serial_bayou_pond_e, serial_bayou_shore_b,
          serial_bayou_crossing, serial_bayou_pond_b
D:3:      layout_rooms, nzn_hepliaklqana_mist_gate

Skill      XL: |  1  2  3  4 |
---------------+-------------+-----
Conjurations   | 2 |  2.0
Dodging        | 3 4 |  4.0
Fighting       | 2 |  2.0
Stealth        | |  2.6
Spellcasting   | |  3.2
Summonings     | |  1.0
Translocations | |  1.0

Action                   |  1- 3 |  4- 6 || total
-------------------------+-------+-------++-------
Melee: Dagger            |    50 |    28 ||    78
       Constrict         |    15 |     7 ||    22
       Tentacles         |     4 |     7 ||    11
 Cast: Magic Dart        |    81 |    67 ||   148
  Use: Potion            |       |     1 ||     1
 Stab: Sleeping          |       |     1 ||     1
Armor: Skin              |     5 |       ||     5
Dodge: Dodged            |    58 |    17 ||    75
